AoeStats
← ArthurMitchell3

Arena

510642485Analyzed
4v4 RM · 6h ago on Oct 1, 2026· 27m 37s· 8 players
Game mode
Random Map
Map size
Large (8 player)
Population
200
Speed
Normal
Resources
Standard
Victory
Conquest
Starting age
Dark Age
Ending age
Imperial Age
RankedLock teamsTeams togetherTeam positionsShared explorationLock speedFull tech treeHidden civsTurbo modeCheats
Victory
Defeat
🇲🇽 Saxons · Mexico
1547
+7
🇲🇽 Poles · Mexico
1485
+9
🇨🇴 Bohemians · Colombia
1307
+15
🇨🇴 Romans · Colombia
1161
+20
🇺🇸 Turks · United States
1360
-16
🇲🇽 Muisca · Mexico
1297
-12
🇷🇺 Khmer · Russia
1291
-12
🇹🇼 Magyars · Taiwan
1266
-11
Avila1997
3:14 Loom
10:26 Feudal Age
14:29 Castle Age
14:32 Wheelbarrow
14:20 Loom
14:22 Double-Bit Axe
14:30 Gold Mining
17:27 Redemption
19:20 Sanctity
24:34 Atonement
24:47 Fervor
ArthurMitchell3
11:13 Feudal Age
15:56 Castle Age
21:03 Imperial Age
23:16 Double-Bit Axe
AnonymousJohn
10:28 Feudal Age
13:29 Castle Age
11:47 Double-Bit Axe
13:16 Horse Collar
15:31 Bow Saw
19:25 Wheelbarrow
22:58 Hand Cart
23:13 Loom
24:27 Gold Mining
27:55 Imperial Age
26:02 Scale Barding Armor
27:20 Chain Barding Armor
27:11 Forging
27:06 Husbandry
27:16 Bloodlines
Cattiva
11:12 Feudal Age
9:29 Loom
14:56 Castle Age
13:20 Horse Collar
13:26 Double-Bit Axe
16:05 Bow Saw
16:15 Heavy Plow
MZTK | Orocar
10:53 Feudal Age
14:53 Castle Age
13:35 Double-Bit Axe
13:31 Horse Collar
16:03 Bow Saw
16:31 Wheelbarrow
21:52 Fletching
22:48 Town Watch
22:49 Loom
23:09 Bodkin Arrow
23:47 Heavy Plow
28:28 Imperial Age
26:53 Szlachta Privileges
27:22 Hand Cart
27:31 Scale Barding Armor
27:56 Bloodlines
27:47 Husbandry
28:16 Forging
MZTK | Tormenta
4:43 Loom
10:01 Feudal Age
15:29 Castle Age
14:14 Double-Bit Axe
14:12 Horse Collar
16:59 Bow Saw
24:35 Wheelbarrow
27:43 Town Watch
MZTK | Adjets
7:32 Loom
11:09 Feudal Age
16:30 Castle Age
14:18 Double-Bit Axe
15:52 Horse Collar
22:20 Wheelbarrow
23:52 Town Watch
25:14 Bloodlines
25:12 Scale Barding Armor
26:54 Forging
MZTK | V
10:29 Feudal Age
12:13 Loom
14:55 Castle Age
12:52 Double-Bit Axe
15:16 Gold Mining
15:07 Horse Collar
15:40 Forging
16:14 Squires
16:00 Arson
19:47 Redemption
22:41 Atonement
27:04 Devotion
Connection lost

Rejoining the realm…

Still unreachable

The connection could not be restored.

Session expired

The server has moved on; the page needs a fresh start.